Map: [ESL] Stargazers

Players

MaxPax - Winner!

  • Race: Protoss Protoss
  • Spawn Location: 11:00

Harstem

  • Race: Protoss Protoss
  • Spawn Location: 1:00

Event: DreamHack SC2 Masters 2022 Atlanta (Online)

VOD

Have the link to the VOD?

Description

Time

  • Played on: Oct. 8, 2022, 10:28 a.m.
  • Length: 6:32

All games in this series

Show
View Real Time Build Order
Export as new Build Order

MaxPax Protoss - Winner!

Build Orders: 1 Gate Expand, Oracle Opening 

Get SALT Encoding   

  12  0:00  Probe  
  13  0:12  Probe  
  14  0:17  Pylon  
  14  0:24  Probe (Chrono Boost)  
  16  0:36  Probe (Chrono Boost)  
  16  0:39  Gateway  
  16  0:43  Probe (Chrono Boost)  
  16  0:45  Assimilator  
  17  0:50  Probe  
  18  1:03  Probe  
  19  1:15  Probe  
  20  1:23  Nexus  
  20  1:34  Cybernetics Core  
  20  1:37  Probe  
  21  1:44  Assimilator  
  21  1:49  Probe  
  22  1:56  Pylon  
  22  2:01  Probe  
  23  2:11  Stargate  
  23  2:14  Probe  
  24  2:16  Stalker (Chrono Boost)  
  26  2:26  Probe  
  27  2:30  Shield Battery  
  27  2:36  Warp Gate  
  27  2:38  Probe x2  
  29  2:49  Stalker  
  29  2:50  Probe  
  32  2:57  Probe  
  33  3:03  Oracle (Chrono Boost)  
  33  3:11  Gateway  
  35  3:14  Probe  
  36  3:20  Shield Battery  
  36  3:23  Zealot  
  38  3:38  Probe  
  38  3:40  Void Ray (Chrono Boost)  
  38  3:41  Probe  
  44  3:51  Pylon  
  44  4:03  Shield Battery  
  47  4:14  Void Ray (Chrono Boost)  
  46  4:24  Shield Battery  
  46  4:25  Stalker x2  
  46  4:28  Pylon  
  50  4:32  Probe x2  
  52  4:44  Probe  
  53  4:46  Probe (Chrono Boost)  
  53  4:48  Stalker x2  
  57  4:56  Probe (Chrono Boost)  
  57  4:58  Probe (Chrono Boost)  
  59  5:06  Probe (Chrono Boost)  
  61  5:07  Probe (Chrono Boost)  
  61  5:10  Pylon  
  61  5:11  Probe (Chrono Boost)  
  62  5:26  Pylon  
  62  5:27  Twilight Council  
  62  5:28  Probe x2 (Chrono Boost), Stalker x2  
  68  5:39  Probe x2 (Chrono Boost)  
  70  5:43  Probe x2 (Chrono Boost)  
  72  5:54  Probe x2  
  70  5:57  Stalker  
  70  5:58  Stalker  
  70  5:59  Assimilator  
  74  6:06  Probe x2  
  74  6:10  Dark Shrine  
  74  6:18  Probe x2  
Show
View Real Time Build Order
Export as new Build Order

Harstem Protoss 

Build Orders:  

Get SALT Encoding   

  12  0:00  Probe  
  13  0:12  Probe  
  14  0:19  Pylon  
  14  0:24  Probe (Chrono Boost)  
  15  0:37  Gateway  
  15  0:38  Probe (Chrono Boost)  
  16  0:45  Probe (Chrono Boost)  
  16  0:46  Assimilator  
  17  0:52  Probe (Chrono Boost)  
  17  0:56  Assimilator  
  19  1:04  Probe (Chrono Boost)  
  19  1:08  Gateway  
  19  1:13  Probe (Chrono Boost)  
  20  1:18  Probe  
  20  1:25  Cybernetics Core  
  21  1:30  Probe  
  22  1:36  Pylon  
  22  1:42  Probe  
  23  2:00  Warp Gate (Chrono Boost)  
  23  2:02  Stalker x2  
  27  2:25  Nexus  
  27  2:32  Stalker  
  29  2:39  Stalker  
  31  2:46  Pylon  
  31  3:04  Stalker  
  33  3:09  Stalker  
  33  3:12  Pylon  
  35  3:13  Probe  
  36  3:22  Shield Battery  
  36  3:28  Probe  
  38  3:45  Stalker  
  38  3:47  Probe  
  40  3:49  Stalker  
  42  3:59  Probe  
  43  4:04  Probe  
  44  4:11  Probe  
  44  4:15  Shield Battery  
  45  4:19  Stalker x2  
  49  4:27  Probe (Chrono Boost)  
  51  4:35  Probe (Chrono Boost)  
  51  4:36  Probe (Chrono Boost)  
  52  4:41  Twilight Council, Probe x2 (Chrono Boost)  
  54  4:53  Probe, Stalker  
  54  4:57  Stalker  
  54  4:59  Probe  
  60  5:09  Pylon  
  60  5:11  Pylon  
  60  5:28  Probe  
  60  5:31  Stalker  
  60  5:35  Stalker  
  65  5:40  Probe, Pylon  
  54  5:59  Stalker x2  
  54  6:00  Probe  
  54  6:01  Probe  
  57  6:12  Probe  
  57  6:19  Pylon  
  57  6:20  Probe  
  57  6:22  Stalker x2  
Tags
 
Add a new tag
Caveats
  • Supply blocks, unpowered buildings, or Contaminate may cause inaccurate times.
  • Supply counts are checked every 10 seconds.